Map: 2.000 Atmosfere LE

Players

JackelToad

  • Race: Terran Terran
  • League: Diamond

Sunny - Winner!

  • Race: Terran Terran
  • League: Diamond

VOD

Have the link to the VOD?

Description

Time

  • Played on: Sept. 9, 2021, 3:40 p.m.
  • Length: 27:22
Show
View Real Time Build Order
Export as new Build Order

JackelToad Terran 

Build Orders:  

Get SALT Encoding   

  12  0:01  SCV  
  13  0:16  Supply Depot  
  13  0:20  SCV  
  14  0:42  Barracks  
  14  0:48  Barracks  
  14  0:54  Refinery  
  14  0:59  SCV  
  15  1:07  Refinery  
  15  1:11  SCV  
  16  1:28  Supply Depot  
  16  1:29  Barracks Tech Lab  
  16  1:35  Barracks Tech Lab  
  17  1:50  Marauder  
  17  1:53  Concussive Shells  
  18  2:07  Marauder  
  20  2:19  Marauder  
  22  2:38  Marauder  
  22  2:43  Marauder  
  25  2:55  Orbital Command  
  25  3:01  Marauder  
  27  3:08  Marauder  
  20  3:49  Marauder  
  12  6:35  Orbital Command  
  12  7:19  SCV  
  13  7:31  SCV  
  14  7:48  SCV  
  14  7:50  Factory  
  14  7:51  Refinery  
  13  7:55  Marine x2  
  15  8:11  SCV  
  16  8:16  Marine  
  16  8:17  Marine  
  18  8:40  SCV  
  19  8:44  Starport  
  19  8:46  Marine x2  
  19  9:23  Starport Tech Lab, SCV  
  15  9:25  Marine x2  
  17  9:41  SCV  
  17  9:44  Marine x2  
  20  9:56  Viking, SCV  
  23  10:18  Supply Depot  
  23  10:40  SCV  
  24  10:43  Supply Depot  
  24  11:02  Barracks Tech Lab, SCV  
  24  11:03  Barracks Tech Lab  
  25  11:07  Hellion  
  27  11:14  SCV  
  28  11:24  Marauder  
  32  11:26  Marauder  
  32  11:38  SCV  
  33  11:59  SCV  
  33  12:00  Viking  
  36  12:13  SCV  
  36  12:14  Marauder  
  39  12:21  Supply Depot  
  39  12:43  Marauder x2  
  43  12:46  Supply Depot  
  43  12:47  Factory Tech Lab  
  43  12:52  Banshee  
  39  13:12  Marauder  
  41  13:13  Marauder  
  41  13:18  SCV  
  42  13:34  Marauder  
  44  14:00  Marine x2  
  46  14:05  Viking  
  46  14:19  Marine  
  46  14:20  Marine  
  48  14:29  SCV  
  49  14:35  Siege Tank  
  52  14:44  Command Center  
  52  14:58  Marine x2  
  54  15:00  Viking  
  54  15:15  SCV  
  55  15:21  Marine  
  55  15:22  Marine  
  55  15:23  Siege Tank  
  60  15:35  SCV  
  61  15:47  SCV  
  62  15:52  Refinery  
  57  16:08  Marine  
  57  16:09  Marine  
  59  16:11  Siege Tank  
  62  16:19  Orbital Command  
  62  16:33  Engineering Bay  
  62  16:43  Marine, Stimpack  
  62  16:44  Marine  
  58  16:57  SCV x2  
  60  17:03  Marine x2  
  65  17:08  Siege Tank  
  65  17:14  SCV  
  67  17:26  SCV, Combat Shield  
  65  17:49  Marine x2  
  67  17:51  Medivac  
  52  18:42  Marine  
  52  18:43  SCV, Marine  
  52  18:44  SCV  
  29  19:00  Marine  
  29  19:01  Marine  
  30  19:07  SCV x2  
  32  19:22  Command Center  
  32  19:24  Marine x2  
  34  19:34  Barracks  
  34  19:35  Command Center  
  34  19:36  Barracks  
  34  19:39  Command Center  
  34  19:41  SCV x2  
  34  19:42  Marine x2  
  38  19:54  Siege Tank  
  38  19:55  Viking  
  38  19:57  SCV x2  
  45  20:00  Marine  
  45  20:02  Terran Infantry Weapons Level 1  
  46  20:14  Supply Depot  
  46  20:16  Supply Depot, Bunker  
  46  20:21  Barracks Reactor  
  46  20:23  Barracks Reactor  
  46  20:33  Marine x2  
  46  20:34  SCV x2  
  50  20:37  Refinery, Supply Depot  
  50  20:47  Barracks  
  50  20:48  Orbital Command, Barracks  
  50  20:54  Orbital Command  
  50  21:03  Marine x2  
  50  21:04  Marine x2  
  50  21:05  Marine  
  50  21:06  Marine  
  54  21:21  Marine  
  55  21:25  SCV  
  55  21:27  Orbital Command  
  55  21:29  Starport Reactor, SCV  
  55  21:30  Marine x3  
  55  21:31  Marine  
  61  21:38  Barracks Reactor  
  61  21:46  Siege Tank  
  64  21:47  Barracks Reactor, Marine x2  
  64  21:48  Marine  
  67  21:55  SCV  
  67  21:56  SCV x3  
  67  21:58  SCV, Marine  
  67  21:59  Marine x2  
  75  22:05  Marine  
  75  22:06  Medivac x2  
  80  22:12  Refinery  
  80  22:17  Marine x4  
  80  22:18  Marine x3  
  87  22:22  Engineering Bay  
  87  22:25  Engineering Bay, Armory  
  87  22:26  Marine x3  
  90  22:35  Marine x2  
  92  22:37  Marine x2  
  92  22:52  SCV  
  92  22:57  Marine x3  
  92  22:58  Marine x5  
  99  22:59  Marine x2  
  99  23:00  Siege Tank  
  99  23:03  Medivac  
  99  23:04  Medivac, SCV  
  111  23:48  Supply Depot x2, Terran Infantry Armor Level 1  
  103  24:20  SCV, Marine  
  103  24:21  Marine x2  
  103  24:22  Marine  
  101  24:26  Marine  
  101  24:39  Command Center  
  101  24:42  Marine x2  
  101  24:46  Marine  
  101  24:49  Marine  
  101  24:50  Marine  
  101  24:53  Marine  
  101  25:30  Marine  
  101  25:31  Marine x2  
  101  25:34  Marine  
  101  25:39  Marine  
  101  25:41  Marine  
  101  25:54  Marine x4  
  101  25:56  Marine  
  83  25:57  Marine x4  
  83  25:59  Marine  
  77  26:12  Marine x4  
  77  26:14  Marine  
  75  26:18  Marine  
  75  26:19  Marine x4  
  72  26:30  Marine x4  
  72  26:32  Marine  
  72  26:36  Marine x3  
  72  26:38  Marine x2  
  63  26:47  Marine x2  
  63  26:48  Marine x2  
  63  26:50  Marine  
Show
View Real Time Build Order
Export as new Build Order

Sunny Terran - Winner!

Build Orders: Reaper Expand 

Get SALT Encoding   

  12  0:00  SCV  
  13  0:12  SCV  
  14  0:17  Supply Depot  
  14  0:24  SCV  
  15  0:39  SCV  
  15  0:40  Barracks  
  16  0:44  Refinery  
  16  0:51  SCV  
  17  1:03  SCV  
  18  1:15  SCV  
  19  1:27  Orbital Command  
  19  1:28  Reaper  
  20  1:50  Supply Depot  
  20  1:54  Command Center  
  20  2:01  Reaper  
  20  2:04  Bunker  
  20  2:05  SCV  
  22  2:17  SCV  
  22  2:22  Bunker  
  22  2:37  Marine  
  22  2:40  SCV  
  24  2:46  Refinery  
  24  2:47  Factory  
  24  2:52  SCV  
  24  2:58  Barracks Reactor  
  25  3:04  SCV  
  26  3:05  Orbital Command  
  26  3:21  SCV  
  27  3:32  Hellion  
  27  3:33  SCV  
  28  3:45  SCV  
  15  3:57  Factory Tech Lab, SCV, Marine x2  
  12  4:09  SCV  
  9  4:15  Marine x2  
  12  4:21  SCV  
  4  4:40  Orbital Command  
  4  5:13  Orbital Command  
  4  5:38  SCV  
  5  5:50  SCV  
  5  5:55  Orbital Command  
  2  7:11  Marine  
  2  7:14  Factory Tech Lab  
  5  7:15  Widow Mine  
  5  7:20  Orbital Command  
  5  7:29  Marine  
  8  7:37  Widow Mine  
  7  7:52  Orbital Command  
  7  7:55  Orbital Command  
  7  7:57  Marine  
  10  7:58  Widow Mine  
  10  8:14  Marine  
  11  8:24  SCV  
  12  8:39  Marine  
  13  8:44  Bunker  
  13  8:55  SCV  
  13  9:00  Widow Mine  
  15  9:06  Orbital Command  
  15  9:07  SCV  
  12  9:19  SCV  
  11  9:31  SCV  
  12  9:49  SCV, Bunker  
  13  10:02  SCV  
  14  10:07  Refinery, SCV  
  14  10:14  SCV  
  16  10:19  SCV  
  17  10:26  SCV  
  18  10:31  SCV  
  19  10:38  SCV  
  20  10:43  SCV  
  21  10:50  SCV  
  21  10:55  SCV  
  23  11:02  SCV  
  22  11:04  Refinery  
  22  11:07  Factory Tech Lab  
  22  11:08  SCV  
  23  11:14  SCV  
  24  11:19  Starport  
  24  11:42  Orbital Command  
  24  11:48  Siege Tank  
  27  11:59  SCV  
  28  12:03  Starport Reactor  
  28  12:11  SCV  
  28  12:12  SCV  
  28  12:13  Supply Depot  
  30  12:16  Supply Depot  
  30  12:35  Siege Tank, SCV  
  34  12:42  Viking  
  34  12:44  SCV  
  37  12:55  Barracks x2  
  37  12:57  Barracks  
  37  12:58  Barracks  
  37  13:11  Viking  
  37  13:12  Viking  
  41  13:35  SCV  
  41  13:37  SCV  
  43  13:41  Viking  
  43  13:47  SCV, Supply Depot  
  46  13:50  Supply Depot  
  46  13:58  Barracks Tech Lab  
  46  14:01  SCV  
  46  14:08  SCV, Viking, Marine x2  
  51  14:20  SCV  
  52  14:26  Marine x3, Stimpack  
  52  14:30  SCV  
  56  14:42  SCV  
  56  14:43  SCV  
  56  14:44  Marine x3  
  61  14:53  Barracks  
  61  14:54  Barracks  
  61  14:55  Barracks  
  61  14:56  SCV  
  62  15:05  Viking  
  62  15:19  Supply Depot  
  62  15:20  Supply Depot x2  
  62  15:22  SCV, Marine x3  
  67  15:38  Liberator  
  67  15:40  Marine x2  
  58  16:05  Combat Shield  
  59  16:13  Barracks Reactor x2  
  59  16:14  Barracks Reactor  
  59  16:18  SCV  
  59  16:27  Viking x2  
  59  16:30  Marine x3  
  64  16:54  Marine x4  
  64  16:56  Marine x6  
  74  17:13  Marine  
  74  17:14  Marine  
  74  17:15  SCV  
  77  17:16  Medivac  
  77  17:17  Medivac  
  77  17:19  Supply Depot, Marine x2  
  77  17:21  Marine  
  84  17:24  Concussive Shells  
  84  17:27  SCV  
  84  17:39  SCV  
  77  17:56  Viking  
  77  17:57  Viking  
  77  18:27  Marine  
  77  18:28  Marine x2  
  71  18:45  Marine  
  71  18:46  Marine  
  51  19:03  Marine  
  51  19:04  Marine  
  51  19:08  SCV  
  53  19:13  Marine x2  
  55  19:20  SCV  
  55  19:21  Marine  
  55  19:22  Marine  
  58  19:31  Viking x2  
  60  19:32  SCV  
  60  19:33  Command Center, Marine x2  
  65  19:39  Marine  
  65  19:40  Marine  
  65  19:44  SCV  
  68  19:52  Bunker  
  68  19:53  Engineering Bay  
  68  19:54  Engineering Bay  
  68  19:55  SCV  
  68  19:56  SCV  
  68  19:57  Marine x2  
  68  19:58  Marine  
  74  20:01  Viking  
  74  20:02  Barracks Reactor  
  75  20:07  SCV  
  75  20:08  SCV  
  77  20:15  Marine x2  
  77  20:16  Factory  
  77  20:19  SCV  
  77  20:20  SCV  
  81  20:23  Command Center  
  81  20:31  SCV  
  81  20:32  SCV  
  83  20:41  Terran Infantry Weapons Level 1  
  83  20:43  SCV  
  83  20:46  Marine x2  
  83  20:47  Marine  
  83  20:48  Barracks Reactor  
  89  20:50  Missile Turret, Marauder  
  89  20:51  SCV  
  89  20:52  Missile Turret  
  89  20:53  Sensor Tower  
  89  20:55  SCV  
  92  21:04  Planetary Fortress  
  92  21:06  Terran Infantry Armor Level 1  
  92  21:07  SCV  
  92  21:09  Factory Tech Lab  
  92  21:10  Marine  
  93  21:18  Starport  
  93  21:19  Starport, SCV  
  93  21:20  Refinery  
  93  21:21  Refinery  
  93  21:23  Refinery x2  
  93  21:24  Marine x3  
  93  21:25  Marine x2  
  99  21:28  Marine  
  99  21:29  Viking x2  
  104  21:35  SCV  
  105  21:40  Supply Depot  
  105  21:42  Marine  
  106  21:47  SCV  
  106  21:53  SCV  
  109  21:54  SCV  
  109  21:57  Marine x5  
  109  21:59  SCV  
  109  22:00  Marine  
  109  22:01  Starport Tech Lab  
  116  22:06  Starport Tech Lab  
  116  22:11  SCV, Fusion Core  
  116  22:14  Marine  
  116  22:15  Marine x4  
  121  22:17  Planetary Fortress  
  121  22:18  Marine  
  121  22:19  SCV  
  124  22:23  Siege Tank, SCV  
  128  22:31  SCV  
  128  22:32  Marine  
  128  22:33  Marine x4  
  128  22:35  SCV, Marine  
  136  22:42  Armory  
  136  22:43  SCV  
  137  22:59  Siege Tank  
  140  23:08  Supply Depot  
  140  23:09  Supply Depot  
  140  23:10  Supply Depot  
  140  23:29  Viking  
  140  23:30  Marine x5  
  140  23:31  Viking, Marine  
  141  23:48  Marine x3  
  150  23:56  SCV  
  150  23:59  Viking  
  150  24:01  Terran Infantry Weapons Level 2, Viking  
  155  24:02  Terran Infantry Armor Level 2  
  155  24:08  SCV  
  148  24:20  SCV  
  146  24:34  Marine x4  
  146  24:35  Siege Tank  
  147  24:56  Refinery x2, SCV x2  
  147  24:57  Marine  
  147  24:58  Marine x5  
  155  25:08  SCV  
  156  25:33  Marine x5  
  86  26:15  Marine x2  
  86  26:16  Marine  
  65  26:48  Marine  
  65  26:49  Marine x5  
Tags
 
Add a new tag
Caveats
  • Supply blocks, unpowered buildings, or Contaminate may cause inaccurate times.
  • Supply counts are checked every 10 seconds.